[Event "*** Titled Tuesday 3|2 Blitz"]
[Site "Chess.com"]
[Date "2016.07.05"]
[Round "8"]
[White "Evgeny_Levin"]
[Black "Konavets"]
[Result "1-0"]
[WhiteElo "2654"]
[BlackElo "2516"]
[TimeControl "180+2"]
[EndTime "18:38:38 PDT"]
[Termination "Evgeny_Levin won by resignation"]

1. d4 Nf6 2. Nf3 b5 3. Bg5 Ne4 4. Bf4 Bb7 5. Nbd2 a6 6. Nxe4 Bxe4 7. Nd2 Bb7 8. e4 e6 9. c3 Be7 10. a4 b4 11. Bd3 d5 12. O-O c5 13. Qg4 g6 14.
exd5 Bxd5 15. Bh6 bxc3 16. bxc3 cxd4 17. cxd4 Nc6 18. Rac1 Bf6 19. Ne4 Bxd4 20. Nc3 Bxc3 21. Rxc3 f5 22. Qe2 Kf7 23. Rfc1 Qh4 24. Rxc6 Qxh6 25.
Rc7+ Kf6 26. Qb2+ e5 27. R1c6+ Bxc6 28. Rxc6+ Kg5 29. Qxe5 Qh5 30. Qe3+ f4 31. Rc5+ Kf6 32. Qxf4+ 1-0

[Event "*** Titled Tuesday 3|2 Blitz"]
[Site "Chess.com"]
[Date "2016.07.05"]
[Round "8"]
[White "MaestroASK"]
[Black "goingin33"]
[Result "1-0"]
[WhiteElo "2494"]
[BlackElo "2169"]
[TimeControl "180+2"]
[EndTime "18:38:54 PDT"]
[Termination "MaestroASK won by resignation"]

1. g3 g6 2. Bg2 Bg7 3. d3 c5 4. c3 d5 5. e4 dxe4 6. dxe4 Qxd1+ 7. Kxd1 Nc6 8. f3 f5 9. Nd2 Be6 10. Nh3 O-O-O 11. Re1 fxe4 12. Rxe4 Bf5 13. Re1 Nf6 14.
Ng5 Rhf8 15. Ne6 Bxe6 16. Rxe6 Rd6 17. Bh3 Kc7 18. Ke2 b5 19. Nb3 Rxe6+ 20. Bxe6 Kd6 21. Bh3 c4 22. Nd2 Nd5 23. Ne4+ Kc7 24. Ng5 Nd8 25. a4 b4 26. cxb4 Nxb4 27. Bf4+ e5 28. Bd2 Nd3 29. Bc3 h6 30. Ne6+ Nxe6 31. Bxe6 Bh8 32. Bxc4 Nc5 33. Bb4 1-0

[Event "*** Titled Tuesday 3|2 Blitz"]
[Site "Chess.com"]
[Date "2016.07.05"]
[Round "8"]
[White "proxy6"]
[Black "MFBerna"]
[Result "1/2-1/2"]
[WhiteElo "1945"]
[BlackElo "2264"]
[TimeControl "180+2"]
[EndTime "18:39:16 PDT"]
[Termination "Game drawn by repetition"]

1. e4 c6 2. d4 d5 3. e5 Bf5 4.
Nf3 e6 5. Be2 Nd7 6. O-O c5 7.
Be3 Ne7 8. c4 dxc4 9. Na3 Nc6 10. Nxc4 cxd4 11. Bxd4 Be7 12. Bc3 O-O 13. Bd3 Bxd3 14.
Qxd3 Nc5 15. Qe2 Qd3 16. Qxd3 Nxd3 17. Rad1 Nf4 18. Rfe1 Rfd8 19. g3 Ne2+ 20. Kg2 Nxc3 21. bxc3 Kf8 22. Nd4 Rac8 23. Nb5 b6 24. f4 Bc5 25.
Ncd6 Rb8 26. Nc7 Ke7 27. Na6 Ra8 28. Nc7 Rab8 29. Na6 Ra8 30. Nc7 Rab8 31. Na6 Ra8 1/2-1/2

[Event "*** Titled Tuesday 3|2 Blitz"]
[Site "Chess.com"]
[Date "2016.07.05"]
[Round "8"]
[White "Viaje"]
[Black "LaStreetCmaMaison"]
[Result "1-0"]
[WhiteElo "2167"]
[BlackElo "2466"]
[TimeControl "180+2"]
[EndTime "18:39:32 PDT"]
[Termination "Viaje won by checkmate"]

1. d4 Nc6 2. c4 e5 3. d5 Nce7 4. e4 Ng6 5. Be3 Nf6 6. Nc3 Bb4 7. Bd3 Qe7 8. f3 O-O 9. Ne2 Bc5 10. Qd2 Bxe3 11. Qxe3 d6 12. h4 Nh5 13. g3 f5 14.
exf5 Bxf5 15. Bxf5 Rxf5 16. O-O-O Raf8 17. Rdf1 R5f7 18. Ne4 c6 19. Kb1 b5 20. dxc6 bxc4 21. N2c3 Qc7 22.
Rhg1 Qxc6 23. Ng5 Rf6 24. Nce4 d5 25. Nxf6+ gxf6 26. g4 Nhf4 27. Nxh7 Kxh7 28. h5 Nh4 29.
Qxa7+ Kh6 30. Qe7 Qc8 31. g5+ Kxh5 32. Qh7# 1-0

[Event "*** Titled Tuesday 3|2 Blitz"]
[Site "Chess.com"]
[Date "2016.07.05"]
[Round "8"]
[White "chessking2151"]
[Black "FearlessKing64"]
[Result "1-0"]
[WhiteElo "2337"]
[BlackElo "2118"]
[TimeControl "180+2"]
[EndTime "18:39:34 PDT"]
[Termination "chessking2151 won on time"]

1. e4 c5 2. c3 g6 3. d4 cxd4 4.
cxd4 d5 5. e5 Nc6 6. Nc3 Nh6 7. h3 f6 8. exf6 exf6 9. Nf3 Bg7 10.
Bb5 O-O 11. O-O Be6 12. Re1 Bf7 13. Bf4 Nf5 14. Bxc6 bxc6 15. Na4 Re8 16. Rxe8+ Qxe8 17. Qc2 Rc8 18. Re1 Qd8 19. Nc5 Qa5 20. Bd2 Qxa2 21. Bc3 Qc4 22. Ra1 Qb5 23. Ra5 Qb8 24. Qa4 Bf8 25.
Nd7 Qd6 26. Rxa7 Bg7 27. Nc5 Re8 28. Rd7 Qf4 29. Bd2 Qb8 30. b4 1-0

[Event "*** Titled Tuesday 3|2 Blitz"]
[Site "Chess.com"]
[Date "2016.07.05"]
[Round "8"]
[White "Sanan_Sjugirov"]
[Black "EltajSafarli"]
[Result "1-0"]
[WhiteElo "2692"]
[BlackElo "2813"]
[TimeControl "180+2"]
[EndTime "18:39:55 PDT"]
[Termination "Sanan_Sjugirov won by resignation"]

1. d4 Nf6 2. Nf3 e6 3. Bg5 h6 4.
Bh4 d5 5. e3 Be7 6. Nbd2 c5 7. c3 Nc6 8. Bd3 b6 9. Qe2 Bb7 10. Ne5 Nxe5 11. dxe5 Nd7 12. Bxe7 Qxe7 13. f4 O-O 14. Nf3 f6 15. Bb5 a6 16. Bxd7 Qxd7 17.
exf6 gxf6 18. O-O-O a5 19. g4 a4 20. Rhg1 a3 21. b3 Kh8 22. g5 fxg5 23. Ne5 Qh7 24. h4 d4 25. hxg5 Be4 26. g6 d3 27. Qh5 Qg7 28. Kd2 Rf5 29. Nf7+ Kg8 30. Nxh6+ Kf8 31. Nxf5 exf5 32. Rg5 Ke7 33. Rxf5 Bxf5 34. Qxf5 Rh8 35. Qe4+ Kd6 36. Kxd3 Rh2 37. Kc4+ Kc7 38. Kb5 Qf6 39.
Qa8 Rh8 40. Qa7+ Kc8 41. Qd7+ Kb8 42. Qd6+ 1-0

[Event "*** Titled Tuesday 3|2 Blitz"]
[Site "Chess.com"]
[Date "2016.07.05"]
[Round "8"]
[White "vellottiwizard"]
[Black "Danhy"]
[Result "0-1"]
[WhiteElo "2496"]
[BlackElo "2426"]
[TimeControl "180+2"]
[EndTime "18:40:28 PDT"]
[Termination "Danhy won by checkmate"]

1. e4 c5 2. Nf3 g6 3. d4 cxd4 4.
Nxd4 Bg7 5. Nc3 Nc6 6. Be3 Nf6 7.
Be2 O-O 8. Nb3 a5 9. a4 d5 10. exd5 Nb4 11. Bf3 Bf5 12. Nd4 Bc8 13. Ndb5 Bf5 14.
Rc1 Ne8 15. O-O Nd6 16. Nxd6 exd6 17. g4 Bd7 18. Bd4 Bxd4 19. Qxd4 b6 20. Ne4 f5 21. Nxd6 fxg4 22. Bg2 Bxa4 23. Nc4 Qf6 24. Qxf6 Rxf6 25. d6 Rd8 26. Nxb6 Bb5 27. c4 Rfxd6 28. cxb5 Rxb6 29.
Rc5 Rd2 30. Ra1 Rf6 31. Rxa5 Rfxf2 32. Bf1 Rf8 33. b6 Rd1 34. b7 Rdxf1+ 35. Kg2 Nd3 36. Rc8 Ne1+ 37. Kg3 Rg1+ 38. Kh4 Nf3# 0-1

[Event "*** Titled Tuesday 3|2 Blitz"]
[Site "Chess.com"]
[Date "2016.07.05"]
[Round "8"]
[White "E-Shaposhnikov"]
[Black "DanielNaroditsky"]
[Result "1/2-1/2"]
[WhiteElo "2683"]
[BlackElo "2672"]
[TimeControl "180+2"]
[EndTime "18:40:33 PDT"]
[Termination "Game drawn by repetition"]

1. e4 e5 2. Nf3 Nc6 3. Bc4 Bc5 4. c3 Nf6 5. d3 a6 6. Bb3 O-O 7. O-O d6 8. Bg5 h6 9. Bh4 g5 10. Nxg5 hxg5 11. Bxg5 Kg7 12. Qf3 Rh8 13. Nd2 Be6 14. h4 Nb8 15. Rfe1 Nbd7 16. Nf1 Rh7 17. Ng3 Qh8 18. d4 exd4 19. e5 dxe5 20. Bxe6 fxe6 21. Bxf6+ Nxf6 22. Rxe5 Bd6 23. Rxe6 Kf7 24. Rxd6 cxd6 25.
Qxb7+ Kg6 26. h5+ Nxh5 27. Qe4+ Kh6 28. Nf5+ Kg5 29. Nxd6 Rf8 30. Qd5+ Kg6 31. Qe4+ Kg5 32. Qd5+ Kh6 33. Nf5+ Kg6 34. Nh4+ Kh6 35. Nf5+ Kg6 36. Nh4+ Kh6 37. Nf5+ Kg6 38. Nh4+ Kh6 39. Nf5+ Kg6 40.
Nh4+ Kh6 41. Nf5+ 1/2-1/2

[Event "*** Titled Tuesday 3|2 Blitz"]
[Site "Chess.com"]
[Date "2016.07.05"]
[Round "8"]
[White "Newlight1"]
[Black "jcibarra"]
[Result "0-1"]
[WhiteElo "2293"]
[BlackElo "2659"]
[TimeControl "180+2"]
[EndTime "18:41:02 PDT"]
[Termination "jcibarra won by checkmate"]

1. e4 c5 2. b4 cxb4 3. a3 d5 4. exd5 Qxd5 5. Nf3 e5 6. c4 bxc3 7. Nxc3 Qa5 8. Bb5+ Bd7 9. Nxe5 Bxb5 10. Qb3 Nh6 11.
Qxb5+ Qxb5 12. Nxb5 Na6 13. O-O f6 14. Nc4 Kd7 15. d4 Nf7 16. Bf4 Be7 17. Rfe1 Rhc8 18. Rac1 Bd8 19. Nbd6 Nxd6 20. Nxd6 Rxc1 21. Rxc1 Bc7 22.
Rxc7+ Nxc7 23. Nxb7 Nd5 24. Nc5+ Kc6 25. Bg3 Re8 26. f3 Re2 27. h4 Ra2 28. a4 g6 29. Kh1 Ne3 30. Ne4 Ra1+ 31. Kh2 Nf1+ 32. Kh3 Nxg3 33. Kxg3 f5 34. Nc5 Ra2 35. Kf4 Kd5 36.
Nd7 Rxa4 37. Nf6+ Ke6 38. Nxh7 Rxd4+ 39. Kg5 Kf7 40. f4 Rd2 41. g4 Rg2 42. h5 Rxg4+ 43.
Kh6 gxh5 44. Kxh5 a5 45. Ng5+ Rxg5+ 46. fxg5 a4 47. Kh6 Kg8 48. Kg6 f4 49. Kf6 f3 50.
g6 f2 51. Kg5 f1=Q 52. Kh6 Qf4+ 53. Kh5 Qh2+ 54. Kg5 a3 55. Kf5 a2 56. Kg5 a1=Q 57.
Kf5 Qae5+ 58. Kg4 Qhg3# 0-1

[Event "*** Titled Tuesday 3|2 Blitz"]
[Site "Chess.com"]
[Date "2016.07.05"]
[Round "8"]
[White "TyIerDurden"]
[Black "wonderfultime"]
[Result "1/2-1/2"]
[WhiteElo "2455"]
[BlackElo "2660"]
[TimeControl "180+2"]
[EndTime "18:41:12 PDT"]
[Termination "Game drawn by agreement"]

1. Nf3 d5 2. g3 c6 3. Bg2 g6 4. O-O Bg7 5. d3 Nf6 6. Nbd2 O-O 7. c4 Re8 8. cxd5 cxd5 9. Ne5 e6 10. Ndf3 Nfd7 11.
Nxd7 Bxd7 12. Rb1 Nc6 13. a3 Rc8 14. e4 dxe4 15. dxe4 Ne5 16. Nxe5 Bxe5 17. Bg5 Qxg5 18. Qxd7 Qe7 19. Qxe7 Rxe7 20. b4 Bd4 21. Rfc1 Rec7 22. Rd1 e5 23. Bh3 Rd8 24. Rbc1 Rxc1 25. Rxc1 Bb6 26.
Rc8 Kf8 27. Rxd8+ Bxd8 28. f4 exf4 29. gxf4 Bb6+ 30. Kg2 Be3 31. Kf3 Bg1 32. Kg2 Be3 33. f5 Bf4 34. Bg4 Ke7 35. Be2 Kf6 36. Bc4 h5 37. a4 b6 38. h3 g5 39. b5 g4 40.
Bb3 Bd6 41. Bd5 Be5 42. Bc4 Bf4 43. Bb3 Bd2 44. hxg4 hxg4 45. Kg3 Ke5 46. Bd5 f6 47. Bc6 Kd6 48. Kxg4 Bc3 49. Bd5 Kc7 50. Kh5 Be5 51. Kg6 Kb8 52. Kf7 Kc7 53. Ke6 Bd4 54. Bc4 Be5 55. Be2 Ba1 1/2-1/2

[Event "*** Titled Tuesday 3|2 Blitz"]
[Site "Chess.com"]
[Date "2016.07.05"]
[Round "8"]
[White "FairChess_on_YouTube"]
[Black "GianmarcoVaR"]
[Result "1-0"]
[WhiteElo "2718"]
[BlackElo "2429"]
[TimeControl "180+2"]
[EndTime "18:41:15 PDT"]
[Termination "FairChess_on_YouTube won on time"]

1. e4 c6 2. Nf3 d5 3. Nc3 Bg4 4.
h3 Bxf3 5. Qxf3 Nf6 6. d3 e6 7. Bd2 Nbd7 8. g4 g6 9. g5 Nh5 10. O-O-O Bd6 11. d4 Qc7 12. exd5 cxd5 13. Nb5 Qb6 14. c4 dxc4 15. Qxb7 Rb8 16. Qxb6 Rxb6 17. Bxc4 Bf4 18. Kb1 O-O 19. Ba5 Rc6 20. b3 a6 21. Na7 Rd6 22. Bc7 Ra8 23. Bxd6 Bxd6 24. d5 e5 25. Nc6 Nf4 26. h4 h6 27. b4 Kh7 28. a3 Nb6 29. Bb3 hxg5 30. hxg5+ Kg7 31.
Rh4 e4 32. Rdh1 Rg8 33. Rh7+ Kf8 34. Nd8 Rg7 35. Rh8+ Ke7 36. Nc6+ Kd7 37. Rd8+ Kc7 38. Rc1 Nd3 39. Rc2 Rh7 40. Re8 Rh1+ 41. Ka2 Kd7 42. Rxe4 Nc1+ 43. Kb2 Nxb3 44. Kxb3 Rh3+ 45. Ka2 Nxd5 46. Ne5+ Ke6 47. Nc4+ Kd7 48. Rd4 Nc3+ 49. Rxc3 Rxc3 50. Kb2 Rxc4 51. Rxc4 Ke6 52. a4 Kf5 53. f4 Bxf4 54. Rxf4+ Kxf4 55. b5 axb5 56. axb5 1-0

[Event "*** Titled Tuesday 3|2 Blitz"]
[Site "Chess.com"]
[Date "2016.07.05"]
[Round "8"]
[White "Hikaru"]
[Black "Izoria123"]
[Result "1/2-1/2"]
[WhiteElo "2981"]
[BlackElo "2612"]
[TimeControl "180+2"]
[EndTime "18:41:36 PDT"]
[Termination "Game drawn by repetition"]

1. d4 Nf6 2. c4 g6 3. f3 Bg7 4. e4 d6 5. Nc3 O-O 6. Bg5 c5 7.
d5 e6 8. Qd2 exd5 9. cxd5 h6 10. Be3 a6 11. a4 Re8 12. Nge2 h5 13. Nc1 Nh7 14. Be2 f5 15. O-O fxe4 16. Nxe4 Bf5 17. Bd3 Nd7 18. Nf2 Qf6 19. Bxf5 gxf5 20. Ncd3 c4 21. Nf4 Qxb2 22. Rac1 b5 23. Rc2 Qe5 24. Ne6 Nc5 25. f4 Qf6 26. Bxc5 dxc5 27. Nc7 c3 28. Qd3 c4 29. Qf3 b4 30.
d6 Rad8 31. Nxe8 Rxe8 32. Qc6 Qe6 33. Rcc1 b3 34. Rce1 Qxe1 35. d7 Qxf1+ 36. Kxf1 Rd8 37. Qc8 c2 38. Qxd8+ Nf8 39. Qe8 c1=Q+ 40. Ke2 Qc2+ 41.
Kf3 Qc3+ 42. Ke2 Qc2+ 43. Kf3 Qc3+ 44. Ke2 Qc2+ 45. Kf3 Qc3+ 46. Ke2 Qc2+ 47. Kf3 1/2-1/2

[Event "*** Titled Tuesday 3|2 Blitz"]
[Site "Chess.com"]
[Date "2016.07.05"]
[Round "8"]
[White "underdogchss"]
[Black "SwiftyMcBishop"]
[Result "1-0"]
[WhiteElo "2350"]
[BlackElo "2072"]
[TimeControl "180+2"]
[EndTime "18:41:46 PDT"]
[Termination "underdogchss won by resignation"]

1. d4 d5 2. Nf3 Nf6 3. c4 dxc4 4. e3 e6 5. Bxc4 a6 6. O-O c5 7. Bd3 Be7 8. Nc3 O-O 9. dxc5 Nc6 10. a3 Bxc5 11. Qe2 Ba7 12. Rd1 Qe7 13. b4 b5 14.
Bb2 Bb7 15. Rac1 Rfd8 16. Ne4 Nxe4 17. Bxe4 Rxd1+ 18. Qxd1 Nd8 19. Qc2 Bxe4 20. Qxe4 Nb7 21. Qe5 f6 22. Rc7 Qd8 23. Qxe6+ Kh8 24. Rd7 Qc8 25. Qf7 Qg8 26. Qxg8+ Kxg8 27. Rxb7 Rd8 28. Bd4 Bxd4 29. Nxd4 Rc8 30. g4 Rc3 31. Ne6 Rxa3 32. f4 Rxe3 33. f5 Re4 34. Rxg7+ Kh8 35. Ra7 Rxg4+ 36.
Kf2 h5 37. Rxa6 Rxb4 38. Ra7 Rb2+ 39. Kg3 Rb4 40. h4 Rg4+ 41. Kh3 Rb4 42. Rb7 Rb3+ 43. Kg2 Rb4 44. Kg3 Rb3+ 45. Kf4 Rb4+ 46. Kf3 Rxh4 47. Rxb5 Rc4 48. Rb7 h4 49. Kg2 Rg4+ 50. Kh3 Rc4 51. Nf8 Rc3+ 52. Kxh4 Rf3 53. Kg4 Rd3 54. Kh5 Rh3+ 55.
Kg6 Kg8 56. Ne6 Rg3+ 57. Kxf6 Rf3 58. Rb8+ 1-0

[Event "*** Titled Tuesday 3|2 Blitz"]
[Site "Chess.com"]
[Date "2016.07.05"]
[Round "8"]
[White "Zenzo"]
[Black "Indianlad"]
[Result "0-1"]
[WhiteElo "2300"]
[BlackElo "2563"]
[TimeControl "180+2"]
[EndTime "18:41:52 PDT"]
[Termination "Indianlad won by resignation"]

1. e4 c5 2. Nf3 d6 3. d4 cxd4 4.
Nxd4 Bd7 5. Nc3 Nc6 6. Be3 Rc8 7. Be2 g6 8. Nb3 Bg7 9. f4 Nf6 10. g4 h5 11. g5 Nh7 12. O-O O-O 13. Qd2 Na5 14. Nd5 Nc4 15. Bxc4 Rxc4 16. Bxa7 Rxe4 17. Bb6 Qe8 18. Rae1 Rxe1 19. Rxe1 e6 20. Bd4 e5 21.
Bc3 Bc6 22. Na5 Qe6 23. Nxc6 bxc6 24. Ne3 exf4 25. Bxg7 Kxg7 26. Ng2 Qg4 27. Qd4+ Kg8 28. h4 f3 29. Qxg4 hxg4 30. Ne3 g3 31. Rf1 Ra8 32. a3 Ra4 33. Rxf3 Rxh4 34. Rxg3 d5 35. b3 Kf8 36.
Kf2 Ke7 37. Ke2 Kd6 38. a4 Kc5 39. Kd3 Rh5 40. c3 Nxg5 41. b4+ Kd6 42. c4 Ne6 43.
cxd5 Nf4+ 44. Kc2 Nxd5 45. Nc4+ Kc7 46. Kb3 Rh4 47. a5 Rh1 48. Rf3 Rb1+ 49. Nb2 f6 50. Kc2 Ra1 51. Kb3 Rb1 52. Kc2 Rg1 53. Nd3 g5 54. Rf5 Ne3+ 0-1

[Event "*** Titled Tuesday 3|2 Blitz"]
[Site "Chess.com"]
[Date "2016.07.05"]
[Round "8"]
[White "ZapataCharlesS"]
[Black "JusticeBot"]
[Result "1-0"]
[WhiteElo "2495"]
[BlackElo "2548"]
[TimeControl "180+2"]
[EndTime "18:42:08 PDT"]
[Termination "ZapataCharlesS won by checkmate"]

1. e4 e5 2. Nf3 Nc6 3. Bc4 Nf6 4. d3 Bc5 5. O-O d6 6. Nc3 Be6 7. Bg5 Bxc4 8. dxc4 h6 9. Bxf6 Qxf6 10. Nd5 Qd8 11.
c3 a5 12. a4 O-O 13. Qd3 Ne7 14. Rfe1 c6 15. Nxe7+ Qxe7 16. b3 f5 17. exf5 Qf6 18. Nd2 Rad8 19. Ne4 Qxf5 20. Kh1 Ba7 21. Qe2 d5 22.
cxd5 cxd5 23. Ng3 Qxf2 24. Qxe5 Qb2 25. Nf5 Rf7 26. Ne7+ Kh7 27. Qe6 Rf6 28. Qh3 Rdf8 29. Qd3+ g6 30. Nxd5 R6f7 31. h3 Qxb3 32. Re6 Rg7 33.
Rae1 Rf5 34. Ne7 Rg5 35. Nxg6 R5xg6 36. Rxg6 Rxg6 37. Re7+ Kh8 38. Qxg6 Qd1+ 39. Kh2 Qg1+ 40. Kg3 Qf2+ 41. Kg4 Qxg2+ 42. Kf5 Qxh3+ 43. Kf6 Qxc3+ 44. Kf7 Qc4+ 45. Kf8 Qc8+ 46. Re8 Bc5+ 47. Kf7+ Qxe8+ 48. Kxe8 Bd4 49. Qe6 Bg7 50. Kf7 Kh7 51. Qf5+ Kh8 52. Qc8+ Kh7 53. Qg8# 1-0

[Event "*** Titled Tuesday 3|2 Blitz"]
[Site "Chess.com"]
[Date "2016.07.05"]
[Round "8"]
[White "ChessNinja48"]
[Black "saraswathii"]
[Result "0-1"]
[WhiteElo "2328"]
[BlackElo "2077"]
[TimeControl "180+2"]
[EndTime "18:42:13 PDT"]
[Termination "saraswathii won by resignation"]

1. d4 Nc6 2. Nf3 d5 3. c4 Bg4 4. Nc3 e6 5. e3 Nf6 6. Be2 Bb4 7. O-O O-O 8. a3 Bxc3 9. bxc3 dxc4 10. Bxc4 Ne4 11.
Bb2 Na5 12. Be2 Qf6 13. c4 Bxf3 14. gxf3 Nd6 15. Rc1 Nf5 16. Kh1 Rad8 17. Qc2 Qh6 18. Rg1 Nc6 19. Qe4 Nce7 20. Bd3 Ng6 21. d5 Nd6 22.
Qd4 e5 23. Qxa7 Qh5 24. Be2 e4 25. Qd4 f6 26. Qd1 exf3 27. Bxf3 Qh4 28. Rg2 Ne4 29. Qc2 Ng5 30. Bg4 Rfe8 31. Rcg1 Re4 32. Bf5 Rxc4 33.
Qb3 Nf3 34. d6 Rxd6 35. Bd3 Rxd3 36. Qxd3 Nxg1 37. Qd5+ Kf8 38. Qd8+ Kf7 39. Qd5+ Ke7 40. Kxg1 Qe4 41. Qxe4+ Rxe4 42. Kf1 Kf7 43. Ke2 Re6 44. Bc3 Nf4+ 45. Kf3 Nxg2 46. Kxg2 Ra6 47. Bb2 c5 48.
Kf3 b5 49. Ke4 Ra4+ 50. Kd5 b4 51. axb4 cxb4 52. Kc4 Ra5 53. Kxb4 Rh5 54. Kc4 Rxh2 55. f4 Rxb2 0-1

[Event "*** Titled Tuesday 3|2 Blitz"]
[Site "Chess.com"]
[Date "2016.07.05"]
[Round "8"]
[White "WanderingPuppet"]
[Black "akinov-akinseye"]
[Result "0-1"]
[WhiteElo "2261"]
[BlackElo "1914"]
[TimeControl "180+2"]
[EndTime "18:42:17 PDT"]
[Termination "akinov-akinseye won by resignation"]

1. e4 e5 2. Nf3 Nc6 3. Bb5 a6 4.
Ba4 Nf6 5. O-O Be7 6. Re1 b5 7. Bb3 O-O 8. a4 b4 9. a5 Bc5 10. d3 d6 11. Be3 Bxe3 12. Rxe3 Bg4 13. h3 Bxf3 14. Rxf3 Nd4 15. Rg3 Nxb3 16. cxb3 Re8 17. Nd2 g6 18. Nc4 d5 19. exd5 Nxd5 20. Qd2 Nf4 21. Re1 f6 22. Kh2 Rb8 23. Rge3 Qd7 24. Rd1 Ne6 25. Rf3 Kg7 26. Re3 Nd4 27. Rde1 Nxb3 28.
Qd1 Nd4 29. Re4 Ne6 30. b3 Nc5 31. R4e3 Rbd8 32. Qb1 Qd4 33. Rd1 e4 34. Rd2 exd3 35. Qd1 Rxe3 36. fxe3 Qd5 37. Qg4 Nxb3 38. Rb2 Nxa5 39.
Nd2 c5 40. Rb1 c4 41. Rxb4 c3 42. Rd4 Qe5+ 43. g3 Rxd4 44. exd4 Qe2+ 45. Kg1 Qxg4 46. hxg4 cxd2 47. Kf2 d1=Q 48. Ke3 Qe2+ 49. Kf4 d2 50. d5 Qe5+ 0-1

[Event "*** Titled Tuesday 3|2 Blitz"]
[Site "Chess.com"]
[Date "2016.07.05"]
[Round "8"]
[White "GeorgMeier"]
[Black "SavelijTartakover"]
[Result "0-1"]
[WhiteElo "2633"]
[BlackElo "2523"]
[TimeControl "180+2"]
[EndTime "18:42:25 PDT"]
[Termination "SavelijTartakover won by checkmate"]

1. Nf3 Nf6 2. g3 g6 3. Bg2 Bg7 4. O-O O-O 5. d4 d6 6. b3 c5 7. c4 Bd7 8. Bb2 cxd4 9. Nxd4 Nc6 10. Nc2 a6 11. Nc3 Rb8 12. Ne3 b5 13. Qd2 Na5 14.
Ncd5 Nxd5 15. cxd5 Bxb2 16. Qxb2 Qb6 17. Rfc1 Rfc8 18.
h4 Rxc1+ 19. Rxc1 Rc8 20. Rxc8+ Bxc8 21. Qc3 Bd7 22. b4 Nc4 23. Nxc4 Qc7 24. Be4 bxc4 25.
Bc2 Bf5 26. e4 Bg4 27. Kf1 Qc8 28. Ke1 e6 29. dxe6 Bxe6 30. Kd2 d5 31. Qd4 dxe4 32.
Bxe4 Bf5 33. Kc3 Bxe4 34. Qxe4 Qd7 35. Kxc4 Qa4 36. Qb1 Qc6+ 37. Kb3 Qf3+ 38. Ka4 Qxf2 39. Ka5 Qxg3 40. Kxa6 Qd6+ 41. Ka5 Qd8+ 42. Ka4 Qxh4 43.
Qd3 h5 44. Kb3 Qf2 45. b5 h4 46. Qd8+ Kg7 47. b6 h3 48. Qc7 h2 49. b7 h1=Q 50.
b8=Q Qb1+ 51. Ka3 Qfxa2# 0-1

[Event "*** Titled Tuesday 3|2 Blitz"]
[Site "Chess.com"]
[Date "2016.07.05"]
[Round "8"]
[White "LonesomeGeorge1"]
[Black "simplerXiao"]
[Result "1-0"]
[WhiteElo "2283"]
[BlackElo "2287"]
[TimeControl "180+2"]
[EndTime "18:42:45 PDT"]
[Termination "LonesomeGeorge1 won by resignation"]

1. e4 c5 2. Nf3 e6 3. b3 Nc6 4. Bb2 a6 5. c4 d6 6. d4 cxd4 7. Nxd4 Nf6 8. Nc3 Bd7 9. g3 Be7 10. Bg2 O-O 11. O-O Rc8 12. Rc1 Qa5 13. Qd2 b5 14. Rfd1 Nxd4 15. Qxd4 bxc4 16. bxc4 Qb4 17.
Rb1 Rxc4 18. Qa7 Rxc3 19. Bxc3 Qxc3 20. Qxa6 Rc8 21. h3 Bf8 22. Rb7 Qc2 23. Re1 Bc6 24. Rxf7 Qd2 25. Re3 Qc1+ 26. Kh2 Be8 27. Ra7 Rc2 28.
Rf3 Nxe4 29. Ra8 Nf6 30. Rxf6 gxf6 31. Rxe8 Kf7 32. Rxf8+ Kxf8 33. Qxd6+ Kf7 34. Qd7+ Kf8 35. Qd6+ Kf7 36. Qd7+ Kf8 37. Qd8+ Kf7 38. Qd7+ Kg6 39. Be4+ Kh6 40. Bxc2 Qxc2 41. Kg2 Qe4+ 42. Kg1 Qe1+ 43. Kg2 Qe4+ 44. Kh2 f5 45. Qd2+ Kg6 46. Qf4 Qc2 47.
a4 Kf6 48. h4 e5 49. Qg5+ Ke6 50. Kg2 Qe4+ 51. Kh2 Qf3 52. Qe3 Qd1 53. a5 Qa4 54.
Qb6+ Kd5 55. a6 f4 56. Qb7+ Ke6 57. a7 fxg3+ 58. fxg3 Qc2+ 59. Qg2 1-0

[Event "*** Titled Tuesday 3|2 Blitz"]
[Site "Chess.com"]
[Date "2016.07.05"]
[Round "8"]
[White "rithwik2002"]
[Black "RobertoJBM"]
[Result "0-1"]
[WhiteElo "2006"]
[BlackElo "2378"]
[TimeControl "180+2"]
[EndTime "18:42:55 PDT"]
[Termination "RobertoJBM won by resignation"]

1. d4 c6 2. Bf4 d5 3. e3 Qb6 4.
Qc1 Bf5 5. Nf3 c5 6. Nc3 Nf6 7.
Bxb8 Rxb8 8. Bb5+ Bd7 9. Bxd7+ Kxd7 10. dxc5 Qxc5 11. O-O e6 12. e4 dxe4 13. Rd1+ Ke8 14. Qf4 Rc8 15. Nxe4 Nxe4 16. Qxe4 Qc6 17. Qf4 Bc5 18.
Ne5 Qc7 19. Rd7 Qxd7 20. Nxd7 Kxd7 21. Qxf7+ Kc6 22. b4 Bxb4 23. Qxe6+ Bd6 24. Rd1 Rcd8 25. Qc4+ Bc5 26. Qe4+ Kc7 27. Qe5+ Kc6 28. Rb1 b6 29. Qxg7 a5 30. c4 Rhf8 31. Qxh7 Rxf2 32. Qe4+ Kc7 33. Kh1 Rxa2 34. Rf1 Rf2 35. Re1 a4 36. Qe5+ Kb7 37.
Qg7+ Ka6 38. Qc3 a3 39. h3 a2 40. Ra1 Rdd2 41. Qb3 Kb7 42. Qg3 Bd4 43. Rxa2 Rxa2 44. Qd6 Rf1+ 45. Kh2 Bg1+ 46. Kg3 Bf2+ 47. Kh2 Bg1+ 48.
Kg3 Ka6 49. Qd3 Bf2+ 50. Kh2 Bg1+ 51. Kg3 Bf2+ 52. Kg4 Rc1 53. c5+ b5 54. Qd6+ Ka5 55. Qc7+ Kb4 56. Qf4+ Rc4 57. Qxc4+ bxc4 58. c6 c3 0-1

[Event "*** Titled Tuesday 3|2 Blitz"]
[Site "Chess.com"]
[Date "2016.07.05"]
[Round "8"]
[White "Alliswell998"]
[Black "IamSchrodingersCat"]
[Result "0-1"]
[WhiteElo "2173"]
[BlackElo "2242"]
[TimeControl "180+2"]
[EndTime "18:44:59 PDT"]
[Termination "IamSchrodingersCat won by checkmate"]

1. e4 c5 2. Nc3 a6 3. Nf3 d6 4.
d4 cxd4 5. Nxd4 Nf6 6. Be3 e5 7. Nb3 Be7 8. f3 Be6 9. Qd2 Nbd7 10. g4 Nb6 11. g5 Nfd7 12. O-O-O Rc8 13. Kb1 Nc4 14.
Bxc4 Rxc4 15. Nd5 Bxd5 16. Qxd5 b5 17. h4 O-O 18. Qd2 Qc7 19. Rh2 Rc8 20. h5 Ra8 21. g6 Nf6 22. h6 fxg6 23. hxg7 Kxg7 24. Rdh1 Rh8 25. Bg5 Qd7 26. Bh4 Qe6 27. Qh6+ Kg8 28. Bf2 Rc7 29. Nd2 Qf7 30. Nf1 Bf8 31. Qh3 Bg7 32.
Ne3 Kf8 33. Rd1 Qe7 34. Bh4 Qd7 35. Qf1 Qe6 36. Rhd2 Rc6 37. Nd5 Ne8 38. Qd3 Bh6 39. f4 Bxf4 40. Rf2 Kg8 41. Rdf1 Kg7 42. Qf3 Rf8 43. Qg2 Nf6 44. c3 Nxd5 45. exd5 Qf5+ 46.
Ka1 Rc7 47. Bg3 Rcf7 48. Rh1 Kg8 49. Bxf4 exf4 50. Qf3 a5 51. Rfh2 b4 52. Rf1 Re7 53. Rhf2 bxc3 54. Qxc3 Qxd5 55. Qc2 Ref7 56. Rd2 Qe5 57. Re2 Qf6 58. Rd2 a4 59. a3 Rb8 60.
Rdf2 Rb3 61. Qc8+ Kg7 62. Qc2 f3 63. Rh1 Rxa3+ 64. Kb1 Rb3 65. Rfh2 Kg8 66. Qc8+ Rf8 67. Qc4+ Qf7 68. Qd4 Qf5+ 69. Ka2 Rf7 70. Qxd6 h5 71.
Qd8+ Kg7 72. Qd4+ Qf6 73. Qd2 f2 74. Rf1 Rf3 75. Rg2 Qe6+ 76. Kb1 Qe4+ 77. Qc2 Qxc2+ 78. Kxc2 h4 79. Rh1 R7f4 80. Rf1 h3 81. Rh2 g5 82. Kd2 g4 83. Ke2 g3 84. Rxh3 g2 85. Rxf3 gxf1=Q+ 86. Kxf1 Rxf3 87. b4 a3 88. b5 Rf7 89. b6 a2 90. b7 a1=Q+ 91. Kg2 f1=Q+ 92. Kg3 Qc3+ 93. Kh4 Qfc4+ 94. Kh5 Qe5# 0-1

[Event "*** Titled Tuesday 3|2 Blitz"]
[Site "Chess.com"]
[Date "2016.07.05"]
[Round "9"]
[White "Superfelix"]
[Black "vellottiwizard"]
[Result "0-1"]
[WhiteElo "2331"]
[BlackElo "2503"]
[TimeControl "180+2"]
[EndTime "18:48:29 PDT"]
[Termination "vellottiwizard won by resignation"]

1. e4 a6 2. d4 b5 3. Nf3 Bb7 4. Bd3 e6 5. O-O Nf6 6. Re1 d5 7. exd5 Nxd5 8. Nbd2 Be7 9. Ne4 Nd7 10. b3 O-O 11. c4 bxc4 12. bxc4 N5f6 13. Qc2 h6 14.
Rb1 Rb8 15. Nxf6+ Nxf6 16. Bb2 Bxf3 17. gxf3 Bd6 18. Qe2 Nh5 19. Qe4 g6 20. c5 Bf4 21.
Bc1 Rxb1 22. Bxb1 Bxc1 23. Rxc1 Qg5+ 0-1

[Event "*** Titled Tuesday 3|2 Blitz"]
[Site "Chess.com"]
[Date "2016.07.05"]
[Round "9"]
[White "akinov-akinseye"]
[Black "ChessNinja48"]
[Result "1-0"]
[WhiteElo "1929"]
[BlackElo "2313"]
[TimeControl "180+2"]
[EndTime "18:50:12 PDT"]
[Termination "akinov-akinseye won by checkmate"]

1. e4 e5 2. Nf3 Nc6 3. d4 exd4 4. c3 d3 5. Bxd3 d6 6. O-O Bg4 7. h3 Bh5 8. Nbd2 Nf6 9. Qc2 Be7 10. Nd4 Nxd4 11. cxd4 O-O 12. f4 Re8 13. g4 Bxg4 14.
hxg4 Nxg4 15. Nf3 Bf6 16. e5 dxe5 17. Bxh7+ Kf8 18. fxe5 Bh4 19. Qc5+ Be7 20. Ng5 Nxe5 21. Ne6# 1-0